 Dungeon Crawl Stone Soup version 0.18-a0-844-g9229740 (webtiles) character file.

211 tof the Skirmisher (level 5, -13/48 HPs)
             Began as a Minotaur Chaos Knight on Dec 19, 2015.
             Mangled by an ogre
             ... wielding a +0 giant club
              (21 damage)
             ... on level 4 of the Dungeon.
             The game lasted 00:09:59 (3554 turns).

tof the Skirmisher (Minotaur Chaos Knight)          Turns: 3554, Time: 00:10:00

Health: -13/48     AC: 13    Str: 16      XL:     5   Next: 57%
Magic:  4/4        EV:  7    Int:  7 (9)  God:    Xom [.*....]
Gold:   88         SH:  0    Dex:  4 (11) Spells: 0 memorised, 4 levels left

rFire  . . .     SeeInvis .     p - +4 quarterstaff (chaos)
rCold  . . .     Gourm    .     n - +4 chain mail
rNeg   . . .     Faith    .     (shield currently unavailable)
rPois  +         Spirit   .     (helmet restricted)
rElec  .         Dismiss  .     (no cloak)
rCorr  .         Reflect  .     (no gloves)
SustAt .         Harm     .     (no boots)
MR     .....                    b - amulet of rage
Stlth  ..........               (no ring)
                                f - ring of poison resistance

@: not resistant to hostile enchantments, extremely unstealthy
A: retaliatory headbutt, horns 2
a: Renounce Religion, Evoke Berserk Rage


You were on level 4 of the Dungeon.
You worshipped Xom.
You were a plaything of Xom.
You were not hungry.

You visited 1 branch of the dungeon, and saw 4 of its levels.

You collected 88 gold pieces.

Inventory:

Hand Weapons
 a - a +0 falchion of chaos
 p - a +4 quarterstaff of chaos (weapon)
Armour
 n - a +4 chain mail (worn)
 s - a +0 cloak
Jewellery
 b - an amulet of rage (around neck)
 e - an uncursed amulet of guardian spirit
 f - a ring of poison resistance (left hand)
Scrolls
 g - 3 scrolls of identify
 h - 2 scrolls of remove curse
 m - 2 scrolls of amnesia {unknown}
 o - 3 scrolls of teleportation
 q - 4 scrolls of enchant armour
Potions
 c - a potion of heal wounds
 d - 2 potions of flight
 j - a potion of agility {unknown}
Books
 r - a book of Battle

   Spells                             Type                      Level
   a - Infusion                       Charms                       1
   b - Shroud of Golubria             Charms/Translocation         2
   c - Song of Slaying                Charms                       2
   d - Spectral Weapon                Hexes/Charms                 3
   e - Regeneration                   Charms/Necromancy            3
Comestibles
 i - 8 fruits
 k - a beef jerky
 l - a chunk of flesh


   Skills:
 + Level 5.4 Fighting
 + Level 5.4 Long Blades
 + Level 3.3 Armour
 + Level 2.1 Dodging
 + Level 0.5 Stealth


You had 4 spell levels left.
You didn't know any spells.

Dungeon Overview and Level Annotations

Branches:
Dungeon (4/15)
 Temple: D:4-7

Altars:
Dithmenos


Innate Abilities, Weirdness & Mutations

You reflexively headbutt those who attack you in melee.
You have a pair of horns on your head.


Message History

The ogre hits you with a giant club! Something hits you.
You sock the orc! You burn the orc.
You kill the orc!
The orc hits you but does no damage. Something hits you but does no damage.
The ogre barely misses you.
You closely miss the ogre. Your headbutt misses the ogre.
The orc hits you but does no damage. Something hits you but does no damage.
The ogre hits you with a giant club!
* * * LOW HITPOINT WARNING * * *
You are too injured to fight recklessly!
You are too injured to fight recklessly!
You are too injured to fight recklessly!
Unknown command.
You hit the ogre.
Space warps horribly around the ogre!
You headbutt the ogre.
The ogre is severely wounded.
The orc hits you with a war axe.
* * * LOW HITPOINT WARNING * * *
Something hits you but does no damage. The ogre hits you with a giant club!!
You die...
Xom snickers!

#.................#
#.####.....<.....#
#.....)..........#
##.................
##.##.............#
....##.............
.................#..
...#................
........@o......##.
#....$..O)........
.............##.#
.............# .
......).<....#
........#.###
....... .# .......
..


You could see an ogre and an orc.

Vanquished Creatures
  Crazy Yiuf (D:3)
  A centaur skeleton (D:3)
  Natasha (D:2)
  4 adders
  2 oozes
  A worm (D:3)
  7 orcs
  4 giant cockroaches
  10 goblins
  10 hobgoblins
  4 jackals (D:2)
  10 kobolds
  A quokka (D:3)
  A ball python (D:2)
  7 bats
  2 giant newts
  8 rats
74 creatures vanquished.

Notes
Turn   | Place    | Note
--------------------------------------------------------------
     0 | D:1      | tof the Minotaur Chaos Knight began the quest for the Orb.
     0 | D:1      | Reached XP level 1. HP: 19/19 MP: 0/0
    41 | D:1      | XOM: divination: magic mapping
    43 | D:1      | Reached skill level 4 in Long Blades
   130 | D:1      | Reached XP level 2. HP: 24/27 MP: 1/1
   511 | D:1      | XOM: harmless Air miscast
   677 | D:2      | Noticed Natasha
   685 | D:2      | HP: 1/28 [white imp/puff of frost[Natasha] (3)]
  1071 | D:2      | Reached XP level 3. HP: 29/34 MP: 2/2
  1091 | D:2      | XOM: divination: detect items
  1303 | D:2      | Reached XP level 4. HP: 37/41 MP: 3/3
  1557 | D:2      | Killed Natasha
  1576 | D:2      | XOM: noise
  1580 | D:2      | Reached skill level 5 in Long Blades
  1592 | D:2      | Reached skill level 5 in Fighting
  1732 | D:3      | XOM: divination: detect items
  1757 | D:3      | XOM: silly message
  1883 | D:3      | Reached XP level 5. HP: 48/48 MP: 4/4
  2011 | D:3      | Found a shadowy altar of Dithmenos.
  2091 | D:3      | XOM: harmless Fire miscast
  2102 | D:3      | XOM: mild Summ miscast
  2161 | D:3      | XOM: 1-stop teleportation journey
  2330 | D:3      | XOM: divination: detect items
  3018 | D:3      | Noticed Crazy Yiuf
  3021 | D:3      | XOM: confuse monster(s)
  3033 | D:3      | Killed Crazy Yiuf
  3290 | D:3      | XOM: harmless Necr miscast
  3343 | D:3      | XOM: divination: detect creatures
  3410 | D:3      | XOM: medium Pois miscast
  3547 | D:4      | Noticed an ogre
  3549 | D:4      | XOM: silly message
  3554 | D:4      | Mangled by an ogre

Vault maps used:
D:1:      scummos_arrival_forest
D:2:      minmay_splitting_lines, uniq_natasha
D:3:      grunt_dithmenos_smoke, first_bread, uniq_crazy_yiuf_cottage
D:4:      okawaru_gym_becter, guppyfry_shop_venom

Action                   |  1- 3 |  4- 6 || total
-------------------------+-------+-------++-------
Melee: Falchion          |    86 |   124 ||   210
       Quarterstaff      |       |    17 ||    17
  Use: Scroll            |       |     7 ||     7
       Potion            |       |     6 ||     6
 Stab: Confused          |       |     2 ||     2
       Paralysed         |       |     2 ||     2
  Eat: Bread ration      |     1 |     1 ||     2
       Beef jerky        |       |     1 ||     1
       Chunk             |       |     1 ||     1
